 Seeded DCSS version 0.29-a0-1047-g7c58e119a4 (webtiles) character file.

Game seed: 14954910784768258998 (custom seed)

31 voltaire321 the Ducker (level 3, -1/28 HPs)
             Began as a Merfolk Gladiator on Aug 17, 2022.
             Slain by Terence
             ... wielding a +0 mace
              (3 damage)
             ... on level 3 of the Dungeon.
             The game lasted 00:02:55 (1441 turns).

voltaire321 the Ducker (Merfolk Gladiator)          Turns: 1441, Time: 00:02:56

Health: -1/28      AC:  5    Str: 14    XL:     3   Next: 22%
Magic:  3/3        EV: 13    Int:  9    God:
Gold:   42         SH:  0    Dex: 15    Spells: 2/2 levels left

rFire   . . .      SeeInvis .   a - +0 trident
rCold   . . .      Faith    .   (no shield)
rNeg    . . .      Spirit   .   b - +0 leather armour
rPois   .          Reflect  .   c - +0 helmet
rElec   .          Harm     .   f - scarf {repulsion}
rCorr   .          Rampage  .   (no gloves)
Will    .....                   m - +0 pair of boots
Stlth   +.........              (no amulet)
HPRegen 0.09/turn               (no ring)
MPRegen 0.08/turn               (no ring)

@: repel missiles
A: (nimble swimmer 2), mertail
a: no special abilities


You were on level 3 of the Dungeon.
You visited 1 branch of the dungeon, and saw 3 of its levels.

You collected 42 gold pieces.

Inventory:

Hand Weapons
 a - a +0 trident (weapon)
Missiles
 d - 3 throwing nets (quivered)
 e - a javelin
Armour
 b - a +0 leather armour (worn)
 c - a +0 helmet (worn)
 f - a scarf of repulsion (worn)
 m - a +0 pair of boots (worn)
Jewellery
 n - a +6 ring of dexterity
Scrolls
 i - 2 scrolls of identify {unknown}
 j - a scroll of blinking {unknown}
 k - 3 scrolls of teleportation {unknown}
Potions
 g - a potion of flight {unknown}
 h - a potion of brilliance {unknown}
 l - a potion of lignification {unknown}


   Skills:
 + Level 2.6 Fighting
 + Level 4.4 Polearms
 + Level 2.3 Throwing
 + Level 4.4 Dodging
 + Level 0.3 Spellcasting
 + Level 0.3 Poison Magic


You had 2 spell levels left.
You didn't know any spells.
Your spell library contained the following spells:

 Spells                   Type           Power      Damage    Failure   Level
 Beastly Appendage        Tmut           0%         N/A       45%         1
 Wereblood                Tmut           0%         N/A       61%         2
 Spider Form              Tmut/Pois      0%         N/A       82%         3


Dungeon Overview and Level Annotations

Branches:
Dungeon (3/15)

Altars:

Annotations:
D:3 Terence


Innate Abilities, Weirdness & Mutations

((You are very nimble when in or above water. (Stealth+, EV+, Speed+++)))
Your lower body shifts to a powerful aquatic tail in water.


Message History

You barely miss Terence. Terence hits you with a +0 mace.
You hit Terence.
Terence is lightly wounded.
Terence hits you with a +0 mace.
You barely miss Terence.
Terence is lightly wounded.
Terence looks scornfully at you. Terence barely misses you.
You hit Terence but do no damage.
Terence is lightly wounded.
Terence hits you with a +0 mace.
You closely miss Terence.
Terence is lightly wounded.
Terence hits you with a +0 mace!
You barely miss Terence.
Terence is lightly wounded.
Terence completely misses you.
You hit Terence but do no damage.
Terence is lightly wounded.
Terence barely misses you.
You closely miss Terence.
Terence is lightly wounded.
Terence barely misses you.
You see here 5 stones.
Found a stone staircase leading down.
Terence attacks as you move away! Terence closely misses you.
Terence attacks as you move away! Terence hits you with a +0 mace!
* * * LOW HITPOINT WARNING * * *
Terence hits you with a +0 mace.
* * * LOW HITPOINT WARNING * * *
There is a stone staircase leading down here.
Terence barely misses you.
You climb downwards.
Found 29 gold pieces.
There is a stone staircase leading up here.
Terence misses you. Terence attacks as you move away!
Terence completely misses you.
The endoplasm quivers.
Terence attacks as you move away! Terence hits you with a +0 mace.
You die...

########## #........##
#.........##
#..........#####
#...............
#......@@...#
#..J.........#
#+######..........#....
#.$.$............## ##.
#####.<........##
############


You could see Terence and an endoplasm.

Vanquished Creatures
  A dart slug (D:2)
  3 ball pythons (D:1)
  4 bats
  6 goblins
  2 hobgoblins
  A quokka (D:1)
  5 kobolds
  5 rats
27 creatures vanquished.

Notes
Turn   | Place    | Note
-------+----------+-------------------------------------------
     0 | D:1      | voltaire321 the Merfolk Gladiator began the quest for the
                  | Orb.
     0 | D:1      | Reached XP level 1. HP: 16/16 MP: 1/1
   146 | D:1      | Noticed a shining eye
   148 | D:1      | Noticed an eye of devastation
   154 | D:1      | Reached XP level 2. HP: 8/23 MP: 2/2
   156 | D:1      | Found a faded altar of an unknown god.
   356 | D:1      | Noticed a floating eye
   356 | D:1      | Noticed a great orb of eyes
  1115 | D:2      | Reached XP level 3. HP: 16/28 MP: 3/3
  1406 | D:2      | Noticed Terence
  1429 | D:2      | HP: 1/28 [Terence/+0 mace (5)]
  1441 | D:3      | Slain by Terence

Illustrated notes

Levels and vault maps discovered:
D:1:      wander_arrival_desolate, layout_basic,
          hellmonk_ecumenical_altar_watching_god
D:2:      layout_loops_ring, basic_altar,
          nicolae_concentric_dashed_squares_wild, minmay_shallow_snake_nest,
          uniq_terence
D:3:      layout_rooms, nicolae_wu_jian_immortal_techniques,
          mainiacjoe_overflow_cross_hatched

Action                   || total
-------------------------++-------
Melee: Trident           ||   108
Armor: Leather armour    ||    41
Dodge: Dodged            ||   103
       Repelled          ||     1

Table legend: (Time is in decaauts)
 A = Elapsed time spent in this place.
 B = Non-inter-level travel time spent in this place.
 C = Inter-level travel time spent in this place.
 D = Time resting spent in this place.
 E = Time spent auto-exploring this place.
 F = Levels seen in this place.
 G = Mean time per level.
                   A        B        C        D        E       F      G
               +--------+--------+--------+--------+--------+-----+--------+
         Total |   1450 |   1450 |      0 |    312 |    849 |   3 |  483.3 |
       Dungeon |   1450 |   1450 |      0 |    312 |    849 |   3 |  483.3 |
               +--------+--------+--------+--------+--------+-----+--------+

Top non-repeatable levels by time:
     D:1: 1089 daAuts
     D:2: 351 daAuts
     D:3: 8 daAuts
